[Event "Irish New Year Events-IM1 2020"]
[Site "Dublin"]
[Date "2020.01.03"]
[Round "1.7"]
[White "Delaney, Killian"]
[Black "Venkatesan, Kavin"]
[Result "1-0"]
[ECO "B23"]
[WhiteElo "2278"]
[BlackElo "1815"]
[Annotator "RC"]
[PlyCount "67"]
[EventDate "2020.01.02"]
[EventType "tourn"]
[EventCountry "IRL"]
[SourceTitle "playchess.com"]
[Source "ChessBase"]
[SourceQuality "1"]
[TimeControl "40/5400+30:1800+30"]

1. e4 c5 2. Nc3 a6 3. g3 b5 4. Bg2 Bb7 5. d3 e6 6. Nh3 d6 7. O-O Nf6 8. f4 Be7 9. e5 Bxg2 10. Kxg2 dxe5 11. fxe5 Nd5 12. Qg4 O-O 13. Bh6 g6 14. Qf3 f5 15. Bxf8 Bxf8 16. Nxd5 exd5 17. Nf4 Nc6 18. Qxd5+ Qxd5+ 19. Nxd5 Nxe5 20. Rae1 Bg7 21. Re2 Rd8 22. Nc7 Nc6 23. Ne6 Re8 24. c3 Kf7 25. Ng5+ Kf8 26. Nxh7+ Kf7 27. Ng5+ Kf8 28. Rxe8+ Kxe8 29. Re1+ Kd7 30. Ne6 Be5 31. Nxc5+ Kc7 32. d4 Bd6 33. Nxa6+ Kb6 34. Re6 1-0

[Event "Irish New Year Events-IM1 2020"]
[Site "Dublin"]
[Date "2020.01.03"]
[Round "1.10"]
[White "O`Donnell, Conor"]
[Black "Hammar, Bengt"]
[Result "1-0"]
[ECO "E89"]
[WhiteElo "2307"]
[BlackElo "2175"]
[Annotator "RC"]
[PlyCount "145"]
[EventDate "2020.01.02"]
[EventType "tourn"]
[EventCountry "IRL"]
[SourceTitle "playchess.com"]
[Source "ChessBase"]
[SourceQuality "1"]
[TimeControl "40/5400+30:1800+30"]

1. d4 Nf6 2. c4 g6 3. f3 Bg7 4. e4 d6 5. Nc3 e5 6. Nge2 O-O 7. Be3 c6 8. Qd2 Nbd7 9. d5 cxd5 10. cxd5 a6 11. g4 h5 12. g5 Nh7 13. Nc1 f6 14. gxf6 Qxf6 15. Be2 Qh4+ 16. Kd1 Rf7 17. Kc2 Ndf8 18. Nb3 Qd8 19. Rac1 Bd7 20. a4 Bf6 21. Rhg1 Rc8 22. Kb1 Qe8 23. a5 Bd8 24. Na2 Rxc1+ 25. Nbxc1 Bb5 26. Bd1 Ba4 27. b3 Bb5 28. Qb4 Qe7 29. Nc3 Be8 30. Nd3 Qc7 31. Bb6 Qe7 32. Nb2 Bxb6 33. Qxb6 Qc7 34. Nc4 Qxb6 35. axb6 Rd7 36. b4 Rd8 37. Na5 Rb8 38. Ba4 Nf6 39. Bxe8 Nxe8 40. Na4 Kf7 41. Nb2 Ke7 42. Nbc4 Kd7 43. Kc2 Ke7 44. Kd3 Kf7 45. h4 Nd7 46. Rf1 Ke7 47. Rf2 Nef6 48. Rg2 Nf8 49. Rg1 N6d7 50. Rb1 Nf6 51. Rg1 Ne8 52. Ra1 Nd7 53. Ra2 Kf7 54. Rg2 Kf6 55. Kc3 Kf7 56. Kb3 Kf6 57. Ka4 Rc8 58. Kb3 Rb8 59. Rg1 Kf7 60. Kc3 Kf6 61. Kd3 Kf7 62. Rf1 Ke7 63. Ke3 Rc8 64. Rb1 Rb8 65. b5 axb5 66. Rxb5 Nef6 67. Nb3 Ne8 68. Ra5 Kd8 69. Ra7 Nc5 70. Nxc5 dxc5 71. Kd3 Ke7 72. Nxe5 Nd6 73. Nc6+ 1-0

[Event "Irish New Year Events-IM1 2020"]
[Site "Dublin"]
[Date "2020.01.03"]
[Round "2.6"]
[White "Mannion, Stephen R"]
[Black "Hammar, Bengt"]
[Result "1/2-1/2"]
[ECO "B90"]
[WhiteElo "2283"]
[BlackElo "2175"]
[Annotator "ChessBase"]
[PlyCount "37"]
[EventDate "2020.01.02"]
[EventType "tourn"]
[EventCountry "IRL"]
[SourceTitle "playchess.com"]
[Source "ChessBase"]
[SourceQuality "1"]
[TimeControl "40/5400+30:1800+30"]

1. e4 c5 2. Nf3 d6 3. d4 cxd4 4. Nxd4 Nf6 5. Nc3 a6 6. h3 b5 7. a4 b4 8. Nd5 Nxe4 9. a5 e6 10. Nb6 Ra7 11. Be3 Rc7 12. Be2 Bb7 13. O-O d5 14. Bf3 Be7 15. Bxe4 dxe4 16. Qg4 O-O 17. Rad1 Qe8 18. Bf4 Rc5 19. Nb3 1/2-1/2

[Event "Irish New Year Events-IM1 2020"]
[Site "Dublin"]
[Date "2020.01.03"]
[Round "2.7"]
[White "Waters, Michael"]
[Black "O`Donnell, Conor"]
[Result "0-1"]
[ECO "A34"]
[WhiteElo "2130"]
[BlackElo "2307"]
[Annotator "NA"]
[PlyCount "107"]
[EventDate "2020.01.02"]
[EventType "tourn"]
[EventCountry "IRL"]
[SourceTitle "playchess.com"]
[Source "ChessBase"]
[SourceQuality "1"]
[TimeControl "40/5400+30:1800+30"]

1. Nf3 c5 2. e3 g6 3. c4 Nf6 4. Nc3 Bg7 5. Be2 O-O 6. O-O d5 7. cxd5 Nxd5 8. Qb3 Nc7 9. d4 cxd4 10. exd4 b6 11. Rd1 Bb7 12. d5 Nd7 13. d6 exd6 14. Rxd6 Qe7 15. Qd1 Rad8 16. Bg5 Nf6 17. Rxd8 Rxd8 18. Qa4 Ncd5 19. Nxd5 Rxd5 20. Bc4 Ra5 21. Qb3 Bxf3 22. Bxf6 Bxf6 23. Qxf3 Bxb2 24. Rd1 Rf5 25. Qd3 Qc5 26. Rd2 Bf6 27. g3 Kg7 28. a4 Rxf2 29. Rxf2 Bd4 30. Kg2 Bxf2 31. Qd5 Qxd5+ 32. Bxd5 Bc5 33. g4 h6 34. h4 f5 35. gxf5 gxf5 36. h5 Kf6 37. Kf3 Ke5 38. Bc4 f4 39. Bb5 Be7 40. Bf1 Bg5 41. Ba6 Kd4 42. Bb5 Kd5 43. Ba6 Kc5 44. Ke4 Kb4 45. Bb5 a6 46. Bxa6 Kxa4 47. Bb7 Kb3 48. Kd3 b5 49. Bf3 b4 50. Bd1+ Ka2 51. Kc4 Be7 52. Bf3 b3 53. Kd3 b2 54. Kd4 0-1

[Event "Irish New Year Events-IM1 2020"]
[Site "Dublin"]
[Date "2020.01.03"]
[Round "2.8"]
[White "Ahlander, Bjorn"]
[Black "Kanyamarala, Tarun"]
[Result "1/2-1/2"]
[ECO "E04"]
[WhiteElo "2418"]
[BlackElo "2320"]
[Annotator "ChessBase"]
[PlyCount "94"]
[EventDate "2020.01.02"]
[EventType "tourn"]
[EventCountry "IRL"]
[SourceTitle "playchess.com"]
[Source "ChessBase"]
[SourceQuality "1"]
[TimeControl "40/5400+30:1800+30"]

1. d4 Nf6 2. c4 e6 3. g3 d5 4. Nf3 dxc4 5. Bg2 Bd7 6. Ne5 Bc6 7. Nxc6 Nxc6 8. O-O Qd7 9. Nc3 O-O-O 10. e3 Nd5 11. Bd2 Bb4 12. Rc1 Bxc3 13. Bxc3 h5 14. Qe2 h4 15. e4 Nxc3 16. bxc3 Na5 17. Rb1 Rh6 18. Qg4 g6 19. Qg5 Rh5 20. Qf6 Nc6 21. Rb2 Qe7 22. Qf3 h3 23. Bh1 Na5 24. Qe3 Kb8 25. f4 c6 26. e5 Rd7 27. Be4 Rh8 28. Rb4 Rc8 29. Rfb1 c5 30. Rb5 cxd4 31. Qf3 Rc5 32. cxd4 Rxb5 33. Rxb5 Qd8 34. Rb1 b6 35. d5 exd5 36. Bc2 Qc7 37. e6 fxe6 38. Bxg6 Qc5+ 39. Kh1 Nc6 40. f5 exf5 41. Bxf5 Re7 42. Bxh3 Kc7 43. Rf1 Qd4 44. Qf8 Qe4+ 45. Bg2 Qe5 46. Qg8 Re6 47. Bh3 Qe4+ 1/2-1/2

[Event "Irish New Year Events-IM1 2020"]
[Site "Dublin"]
[Date "2020.01.03"]
[Round "2.8"]
[White "Melaugh, Shane"]
[Black "Ahlander, Bjorn"]
[Result "*"]
[ECO "E04"]
[WhiteElo "2207"]
[BlackElo "2418"]
[Annotator "NA RC"]
[PlyCount "20"]
[EventDate "2020.01.02"]
[EventType "tourn"]
[EventCountry "IRL"]
[SourceTitle "playchess.com"]
[Source "ChessBase"]
[SourceQuality "1"]
[TimeControl "40/5400+30:1800+30"]

1. d4 Nf6 2. c4 e6 3. g3 d5 4. Nf3 dxc4 5. Bg2 Bd7 6. Ne5 Bc6 7. Nxc6 Nxc6 8. O-O Qd7 9. Nc3 O-O-O 10. e3 Nd5 *

[Event "Irish New Year Events-IM1 2020"]
[Site "Dublin"]
[Date "2020.01.03"]
[Round "2.9"]
[White "Venkatesan, Kavin"]
[Black "Melaugh, Shane"]
[Result "0-1"]
[ECO "A91"]
[WhiteElo "1815"]
[BlackElo "2207"]
[Annotator "NA"]
[PlyCount "138"]
[EventDate "2020.01.02"]
[EventType "tourn"]
[EventCountry "IRL"]
[SourceTitle "playchess.com"]
[Source "ChessBase"]
[SourceQuality "1"]
[TimeControl "40/5400+30:1800+30"]

1. d4 e6 2. c4 f5 3. Nc3 Nf6 4. g3 Be7 5. Bg2 O-O 6. Nh3 d6 7. O-O Qe8 8. f4 Nbd7 9. Re1 e5 10. Ng5 Bd8 11. dxe5 dxe5 12. fxe5 Nxe5 13. Bf4 c6 14. c5 h6 15. Bxe5 hxg5 16. Qd4 Ng4 17. Bd6 Bf6 18. Qd2 Be7 19. e3 Be6 20. h3 Bxd6 21. cxd6 Ne5 22. b3 Rd8 23. Qd4 Nf7 24. Qxa7 Nxd6 25. Rad1 Qf7 26. Qc5 Qc7 27. Bd5 Bxd5 28. Nxd5 Qf7 29. Nc3 Qe6 30. Kh2 Nf7 31. Rxd8 Rxd8 32. Rd1 Re8 33. Re1 Ne5 34. Re2 g4 35. h4 Qd7 36. Kg2 Nf3 37. Qc4+ Kh8 38. a4 Rd8 39. e4 b5 40. axb5 cxb5 41. Qxb5 Qd4 42. Rf2 Qxc3 43. Qxf5 Qe1 44. Qxg4 Qg1+ 45. Kxf3 Rf8+ 46. Qf4 Rxf4+ 47. gxf4 Qd1+ 48. Kg3 Qxb3+ 49. Rf3 Qc2 50. e5 Qf5 51. Rf2 Kh7 52. Re2 Qe6 53. Rg2 Kh6 54. Kf2 Qf5 55. Kf3 Qh3+ 56. Rg3 Qxh4 57. Rg5 Qh1+ 58. Ke3 Qc1+ 59. Kf3 Qc3+ 60. Ke4 Qc6+ 61. Ke3 Qd5 62. Kf2 Qe4 63. Rg4 Kh5 64. Rg5+ Kh4 65. Rxg7 Qxf4+ 66. Kg2 Qxe5 67. Rh7+ Kg4 68. Rh2 Qe1 69. Rh1 Qe2+ 0-1

[Event "Irish New Year Events-IM1 2020"]
[Site "Dublin"]
[Date "2020.01.03"]
[Round "2.10"]
[White "Baker, Chris W"]
[Black "Delaney, Killian"]
[Result "0-1"]
[ECO "D02"]
[WhiteElo "2225"]
[BlackElo "2278"]
[Annotator "NA"]
[PlyCount "97"]
[EventDate "2020.01.02"]
[EventType "tourn"]
[EventCountry "IRL"]
[SourceTitle "playchess.com"]
[Source "ChessBase"]
[SourceQuality "1"]
[TimeControl "40/5400+30:1800+30"]

1. d4 d5 2. Nf3 Nc6 3. Bf4 Bg4 4. e3 e6 5. c3 Bd6 6. Bg3 Nf6 7. Nbd2 Ne4 8. Qb3 Nxd2 9. Nxd2 Rb8 10. Bd3 Bh5 11. O-O Bg6 12. c4 Na5 13. Qc3 Bxd3 14. Qxd3 Nxc4 15. Nxc4 dxc4 16. Qxc4 O-O 17. Rfc1 Bxg3 18. hxg3 c6 19. b4 Qd7 20. Qc5 a6 21. a4 Rfc8 22. Qb6 g6 23. Rc5 Kf8 24. Rac1 Qd8 25. Qxd8+ Rxd8 26. g4 Ke7 27. Kf1 Rd5 28. Ke2 Rxc5 29. Rxc5 Kd6 30. Kd3 Rh8 31. Rc1 h5 32. Rh1 f5 33. gxf5 gxf5 34. Rh4 a5 35. bxa5 Ra8 36. Rxh5 Rxa5 37. g4 Rxa4 38. gxf5 Ra5 39. e4 exf5 40. Rh6+ Ke7 41. e5 Rd5 42. Rh7+ Ke6 43. Rxb7 c5 44. Rb6+ {[%emt 0:01:19] Rxd4+ f4+} Ke7 45. Ke3 {[%emt 0:00:30] Rb4 Rf6 Rb3+ Ke2 Ra3 Kf3} c4 {[%emt 0:00:30] Kg2 c3 Rxf5 c2} 46. Rf6 Kd7 47. Rc6 Ke7 48. Kf3 {[%emt 0:01:30] Ra2 Rc4 Ke6 Kg4} Rc5 49. Kf4 0-1

[Event "Irish New Year Events-IM1 2020"]
[Site "Dublin"]
[Date "2020.01.03"]
[Round "3.6"]
[White "Delaney, Killian"]
[Black "Mannion, Stephen R"]
[Result "1-0"]
[ECO "A21"]
[WhiteElo "2278"]
[BlackElo "2283"]
[Annotator "ChessBase"]
[PlyCount "105"]
[EventDate "2020.01.02"]
[EventType "tourn"]
[EventCountry "IRL"]
[SourceTitle "playchess.com"]
[Source "ChessBase"]
[SourceQuality "1"]
[TimeControl "40/5400+30:1800+30"]

1. c4 e5 2. Nc3 Bb4 3. Nd5 Bc5 4. e3 Nf6 5. b4 Nxd5 6. bxc5 Nf6 7. d4 exd4 8. exd4 O-O 9. Bd3 Re8+ 10. Ne2 b6 11. O-O bxc5 12. Bg5 h6 13. Bh4 Nc6 14. dxc5 d6 15. Nc3 Ne5 16. f4 Nxd3 17. Qxd3 Bb7 18. cxd6 Qxd6 19. Qxd6 cxd6 20. Bxf6 gxf6 21. Nb5 Red8 22. Rfd1 d5 23. cxd5 Rac8 24. Nxa7 Rc2 25. Nc6 Bxc6 26. dxc6 Rxd1+ 27. Rxd1 Rxc6 28. a4 Ra6 29. Rd4 Rb6 30. a5 Rb1+ 31. Kf2 Ra1 32. Rd5 Ra2+ 33. Ke3 Kg7 34. Kd3 Rxg2 35. Kc3 Rxh2 36. Rd2 Rh1 37. Ra2 h5 38. a6 Rc1+ 39. Kd4 Rc8 40. a7 Ra8 41. Kc5 Kg6 42. Kb6 Kf5 43. Rf2 h4 44. Kb7 Rxa7+ 45. Kxa7 h3 46. Kb6 Kg4 47. Kc6 Kg3 48. Rf1 Kg2 49. Ra1 Kf3 50. f5 Ke4 51. Rf1 h2 52. Kc5 Ke5 53. Kc4 1-0

[Event "Irish New Year Events-IM1 2020"]
[Site "Dublin"]
[Date "2020.01.03"]
[Round "3.7"]
[White "Melaugh, Shane"]
[Black "Baker, Chris W"]
[Result "1/2-1/2"]
[ECO "D38"]
[WhiteElo "2207"]
[BlackElo "2225"]
[Annotator "NA"]
[PlyCount "54"]
[EventDate "2020.01.02"]
[EventType "tourn"]
[EventCountry "IRL"]
[SourceTitle "playchess.com"]
[Source "ChessBase"]
[SourceQuality "1"]
[TimeControl "40/5400+30:1800+30"]

1. c4 e6 2. Nc3 d5 3. d4 Nf6 4. Nf3 Bb4 5. Qa4+ Nc6 6. cxd5 Nxd5 7. Bd2 O-O 8. e3 a6 9. Be2 Bd7 10. Qc2 Bd6 11. O-O Nf6 12. e4 e5 13. dxe5 Nxe5 14. Nxe5 Bxe5 15. Bg5 h6 16. Bh4 Qe8 17. Rad1 Bc6 18. f3 Qe6 19. b3 Bxc3 20. Qxc3 Nxe4 21. fxe4 Qxe4 22. Bf3 Qxh4 23. Bxc6 bxc6 24. Qxc6 a5 25. Qxc7 a4 26. Qc4 Qxc4 27. bxc4 Rac8 1/2-1/2

[Event "Irish New Year Events-IM1 2020"]
[Site "Dublin"]
[Date "2020.01.03"]
[Round "3.10"]
[White "Hammar, Bengt"]
[Black "Waters, Michael"]
[Result "0-1"]
[ECO "B41"]
[WhiteElo "2175"]
[BlackElo "2130"]
[Annotator "NA"]
[PlyCount "56"]
[EventDate "2020.01.02"]
[EventType "tourn"]
[EventCountry "IRL"]
[SourceTitle "playchess.com"]
[Source "ChessBase"]
[SourceQuality "1"]
[TimeControl "40/5400+30:1800+30"]

1. e4 c5 2. Nf3 e6 3. d4 cxd4 4. Nxd4 a6 5. c4 Nf6 6. Nc3 Bb4 7. Nc2 Bxc3+ 8. bxc3 Qa5 9. Qd3 Qe5 10. f3 d5 11. Ba3 dxe4 12. Qe3 Nc6 13. f4 Qa5 14. Be2 e5 15. O-O exf4 16. Rxf4 Be6 17. Qg3 O-O-O 18. Qxg7 Nh5 19. Bxh5 Qxh5 20. Ne3 Rhg8 21. Qf6 Qe2 22. Bc1 Rd1+ 23. Rf1 Rxc1 24. Raxc1 Qxe3+ 25. Kh1 Bxc4 26. Rfe1 Qd2 27. Qf5+ Be6 28. Qxe4 Rxg2 0-1

[Event "Irish New Year Events-IM1 2020"]
[Site "Dublin"]
[Date "2020.01.04"]
[Round "4.6"]
[White "Mannion, Stephen R"]
[Black "Waters, Michael"]
[Result "1/2-1/2"]
[ECO "B41"]
[WhiteElo "2283"]
[BlackElo "2130"]
[Annotator "ChessBase"]
[PlyCount "146"]
[EventDate "2020.01.02"]
[EventType "tourn"]
[EventCountry "IRL"]
[SourceTitle "playchess.com"]
[Source "ChessBase"]
[SourceQuality "1"]
[TimeControl "5400+30"]

1. e4 c5 2. Nf3 e6 3. d4 cxd4 4. Nxd4 a6 5. c4 Nf6 6. Nc3 d6 7. Be2 Be7 8. O-O Qc7 9. Be3 Nbd7 10. Rc1 b6 11. f3 Bb7 12. b4 O-O 13. a3 Rfc8 14. Qd2 Qd8 15. Rfd1 Ne5 16. Na4 Nfd7 17. Nb2 Rab8 18. Rc2 Nf6 19. Rdc1 Nc6 20. Nxc6 Rxc6 21. Na4 Ba8 22. b5 axb5 23. cxb5 Rxc2 24. Rxc2 Nd7 25. Qc3 Bb7 26. Qd4 Nc5 27. Nxc5 dxc5 28. Qxd8+ Rxd8 29. Rd2 Kf8 30. Rxd8+ Bxd8 31. Kf1 Ke8 32. Ke1 Bc7 33. h3 f5 34. exf5 exf5 35. Bc4 f4 36. Bd2 Be5 37. Ke2 Ke7 38. a4 g5 39. a5 bxa5 40. Bxa5 h5 41. Kd3 g4 42. hxg4 hxg4 43. Ke2 Kd7 44. Bd3 Kd6 45. Bd8 Bd5 46. b6 c4 47. Bf5 gxf3+ 48. gxf3 Kc6 49. Bc8 c3 50. b7 Bc4+ 51. Ke1 c2 52. Kd2 Bd3 53. Bf6 Bb8 54. Bb2 Bg6 55. Bd4 Kd5 56. Bb2 Ba7 57. Ke2 Kc5 58. Bc1 Bb8 59. Kd2 Kb4 60. Bb2 Ba7 61. Be6 Bb8 62. Kc1 Bd6 63. Kd2 Ka4 64. Kc1 Bb8 65. Kd2 Ba7 66. Ke2 Ka5 67. Bc1 Bb8 68. Kd2 Be5 69. Bb3 Bh5 70. Ke2 Bg6 71. Kd2 Bh5 72. Ke2 Bg6 73. Kd2 Bh5 1/2-1/2

[Event "Irish New Year Events-IM1 2020"]
[Site "Dublin"]
[Date "2020.01.04"]
[Round "4.7"]
[White "Ahlander, Bjorn"]
[Black "Hammar, Bengt"]
[Result "1-0"]
[ECO "E94"]
[WhiteElo "2418"]
[BlackElo "2175"]
[Annotator "ChessBase"]
[PlyCount "95"]
[EventDate "2020.01.02"]
[EventType "tourn"]
[EventCountry "IRL"]
[SourceTitle "playchess.com"]
[Source "ChessBase"]
[SourceQuality "1"]
[TimeControl "5400+30"]

1. d4 Nf6 2. Nf3 g6 3. c4 Bg7 4. Nc3 O-O 5. e4 d6 6. Be2 Nbd7 7. O-O e5 8. Be3 c6 9. d5 c5 10. Ne1 Ne8 11. Nd3 f5 12. exf5 gxf5 13. f4 e4 14. Nf2 Ndf6 15. Kh1 Qe7 16. h3 h5 17. g3 Qf7 18. Rg1 Qg6 19. a4 a5 20. Ra3 b6 21. Nb5 Kf7 22. Rb3 Ra6 23. Rg2 Rh8 24. Bd2 Bd7 25. Kg1 Bf8 26. Qc2 Be7 27. Kf1 Ra8 28. Nc3 Rb8 29. Nb5 Ra8 30. Ke1 Rg8 31. Kd1 Qh7 32. Kc1 Rg7 33. Qd1 Bd8 34. Kb1 Ke7 35. Re3 Nc7 36. Nc3 Na6 37. g4 hxg4 38. hxg4 fxg4 39. Nxg4 Kf8 40. f5 Bxf5 41. Qf1 Bxg4 42. Bxg4 Ke8 43. Bf5 Rxg2 44. Bxh7 Rxd2 45. Nxe4 Nxe4 46. Rxe4+ Kd7 47. Qf7+ Kc8 48. Bf5+ 1-0

[Event "Irish New Year Events-IM1 2020"]
[Site "Dublin"]
[Date "2020.01.04"]
[Round "4.8"]
[White "Venkatesan, Kavin"]
[Black "O`Donnell, Conor"]
[Result "1-0"]
[ECO "E43"]
[WhiteElo "1815"]
[BlackElo "2307"]
[Annotator "ChessBase"]
[PlyCount "139"]
[EventDate "2020.01.02"]
[EventType "tourn"]
[EventCountry "IRL"]
[SourceTitle "playchess.com"]
[Source "ChessBase"]
[SourceQuality "1"]
[TimeControl "5400+30"]

1. d4 e6 2. c4 b6 3. Nc3 Bb7 4. e3 f5 5. Nf3 Nf6 6. Bd3 Bb4 7. O-O Ne4 8. Bxe4 fxe4 9. Nd2 Bxc3 10. bxc3 Qg5 11. Qe2 c5 12. f3 Qh5 13. Qd1 exf3 14. Nxf3 O-O 15. Bb2 Nc6 16. Qd3 Na5 17. Nd2 d6 18. e4 Ba6 19. d5 e5 20. Rae1 Rxf1+ 21. Rxf1 Rf8 22. Rxf8+ Kxf8 23. Qf3+ Qxf3 24. gxf3 Bxc4 25. a3 Ke7 26. Kf2 Kf6 27. Kg3 Be2 28. Kf2 Bd1 29. Nf1 Ba4 30. Ne3 Bd7 31. Kg3 Kg5 32. Nc2 Nb7 33. Ne3 b5 34. Nc2 Nd8 35. Ne3 Nf7 36. Nc2 Nh8 37. Ne3 Ng6 38. Bc1 Kf6 39. Nc2 Nh8 40. Ne3 Nf7 41. Bb2 Ng5 42. Bc1 Nh3 43. Nc2 g5 44. Ne1 Nf4 45. Bxf4 exf4+ 46. Kf2 a5 47. Nc2 h5 48. Kg2 g4 49. Ne1 c4 50. h3 Ke5 51. hxg4 hxg4 52. Nc2 gxf3+ 53. Kxf3 Be8 54. Nd4 Bh5+ 55. Kf2 b4 56. axb4 axb4 57. Nc6+ Kxe4 58. Nxb4 Bg4 59. Ke1 Ke3 60. Nc2+ Ke4 61. Nb4 Kf3 62. Nc2 Kg2 63. Na3 f3 64. Nxc4 f2+ 65. Kd2 Kf3 66. Ne3 Ke4 67. Nf1 Kf4 68. Ne3 Bh5 69. Nf1 Kf3 70. Ne3 1-0

[Event "Irish New Year Events-IM1 2020"]
[Site "Dublin"]
[Date "2020.01.04"]
[Round "4.10"]
[White "Delaney, Killian"]
[Black "Melaugh, Shane"]
[Result "1/2-1/2"]
[ECO "A22"]
[WhiteElo "2278"]
[BlackElo "2207"]
[Annotator "NA"]
[PlyCount "48"]
[EventDate "2020.01.02"]
[EventType "tourn"]
[EventCountry "IRL"]
[SourceTitle "playchess.com"]
[Source "ChessBase"]
[SourceQuality "1"]
[TimeControl "5400+30"]

1. c4 e5 2. Nc3 Nf6 3. e3 d5 4. cxd5 Nxd5 5. Nf3 Nxc3 6. bxc3 Bd6 7. d4 Qe7 8. Qc2 Nd7 9. Bd3 b6 10. O-O Bb7 11. e4 O-O 12. a4 Rac8 13. a5 c5 14. dxe5 Bxe5 15. Re1 Rfd8 16. axb6 axb6 17. Bc4 h6 18. Bd5 Bxd5 19. exd5 Qf6 20. Nxe5 Nxe5 21. Qe4 Ng6 22. Bd2 c4 23. Be3 Qxc3 24. Bxb6 Rd6 1/2-1/2

[Event "Irish New Year Events-IM1 2020"]
[Site "Dublin"]
[Date "2020.01.04"]
[Round "5.6"]
[White "Melaugh, Shane"]
[Black "Mannion, Stephen R"]
[Result "1/2-1/2"]
[ECO "B13"]
[WhiteElo "2207"]
[BlackElo "2283"]
[Annotator "ChessBase"]
[PlyCount "21"]
[EventDate "2020.01.02"]
[EventType "tourn"]
[EventCountry "IRL"]
[SourceTitle "playchess.com"]
[Source "ChessBase"]
[SourceQuality "1"]
[TimeControl "5400+30"]

1. d4 d5 2. Bf4 Nf6 3. Nc3 c5 4. e3 cxd4 5. exd4 a6 6. Nf3 Nc6 7. Qd2 Bf5 8. a3 e6 9. Bd3 Bxd3 10. Qxd3 Bd6 11. Bxd6 1/2-1/2

[Event "Irish New Year Events-IM1 2020"]
[Site "Dublin"]
[Date "2020.01.04"]
[Round "5.9"]
[White "Hammar, Bengt"]
[Black "Venkatesan, Kavin"]
[Result "1/2-1/2"]
[ECO "B98"]
[WhiteElo "2175"]
[BlackElo "1815"]
[Annotator "ChessBase"]
[PlyCount "117"]
[EventDate "2020.01.02"]
[EventType "tourn"]
[EventCountry "IRL"]
[SourceTitle "playchess.com"]
[Source "ChessBase"]
[SourceQuality "1"]
[TimeControl "5400+30"]

1. e4 c5 2. Nf3 d6 3. d4 cxd4 4. Nxd4 Nf6 5. Nc3 a6 6. Bg5 e6 7. f4 Nbd7 8. Qf3 Be7 9. Bc4 O-O 10. a3 Qc7 11. Ba2 b5 12. Rd1 Bb7 13. f5 e5 14. Bxf6 Nxf6 15. Nde2 a5 16. Bb3 b4 17. axb4 axb4 18. Nd5 Bxd5 19. exd5 Nd7 20. O-O Nc5 21. Ng3 f6 22. Kh1 Bd8 23. Ra1 Qb7 24. Bc4 Rf7 25. b3 Qb8 26. Rxa8 Qxa8 27. Bb5 Qb8 28. Bc6 Ra7 29. Qg4 Ba5 30. h4 Qc7 31. Qc4 h6 32. Ra1 Qb8 33. Qg4 Qc7 34. Nh5 Kh8 35. Re1 Qf7 36. Re3 Rc7 37. Rg3 Ne4 38. Rf3 Nc3 39. Rd3 Ra7 40. Ng3 Re7 41. Ne4 Nxe4 42. Qxe4 Qh5 43. Rf3 Ra7 44. Rf1 Bb6 45. Ba4 Bd4 46. g3 Ra5 47. Kg2 Rc5 48. Rf3 Qf7 49. Bc6 Qa7 50. Ba4 Qc7 51. Bc6 Qa7 52. Ba4 Qc7 53. Bc6 Qa5 54. Kh3 Qa2 55. Rd3 Bc3 56. Qg4 Qxc2 57. Qg6 Qxd3 58. Qe8+ Kh7 59. Qg6+ 1/2-1/2

[Event "Irish New Year Events-IM1 2020"]
[Site "Dublin"]
[Date "2020.01.05"]
[Round "6.7"]
[White "Venkatesan, Kavin"]
[Black "Waters, Michael"]
[Result "1-0"]
[ECO "D41"]
[WhiteElo "1815"]
[BlackElo "2130"]
[Annotator "ChessBase"]
[PlyCount "73"]
[EventDate "2020.01.02"]
[EventType "tourn"]
[EventCountry "IRL"]
[SourceTitle "playchess.com"]
[Source "ChessBase"]
[SourceQuality "1"]
[TimeControl "40/5400+30:1800+30"]

1. d4 d5 2. c4 e6 3. Nc3 Nf6 4. cxd5 Nxd5 5. e4 Nxc3 6. bxc3 c5 7. Nf3 cxd4 8. cxd4 Nd7 9. Bd3 Bb4+ 10. Bd2 Bxd2+ 11. Qxd2 O-O 12. O-O b6 13. Bb5 Bb7 14. Bxd7 Qxd7 15. Ne5 Qd6 16. f3 Rfd8 17. Rfd1 Rac8 18. Rac1 b5 19. Rxc8 Rxc8 20. Qb2 a6 21. Rd2 f6 22. Nd3 Rc4 23. Nc5 Bc8 24. Nb3 Bd7 25. h3 h6 26. Kh1 Be8 27. e5 fxe5 28. dxe5 Qc7 29. Rd6 Rc2 30. Qd4 Rxa2 31. Nc5 Bf7 32. Rd8+ Kh7 33. Rd7 Qa5 34. Rxf7 Qe1+ 35. Kh2 Qe2 36. Qg4 Qxe5+ 37. f4 1-0

[Event "Irish New Year Events-IM1 2020"]
[Site "Dublin"]
[Date "2020.01.05"]
[Round "6.8"]
[White "Baker, Chris W"]
[Black "Hammar, Bengt"]
[Result "1/2-1/2"]
[ECO "A48"]
[WhiteElo "2225"]
[BlackElo "2175"]
[Annotator "ChessBase"]
[PlyCount "61"]
[EventDate "2020.01.02"]
[EventType "tourn"]
[EventCountry "IRL"]
[SourceTitle "playchess.com"]
[Source "ChessBase"]
[SourceQuality "1"]
[TimeControl "40/5400+30:1800+30"]

1. d4 Nf6 2. Nf3 g6 3. Bf4 c5 4. c3 Bg7 5. Nbd2 b6 6. e3 d6 7. h3 O-O 8. Be2 Ba6 9. O-O Bxe2 10. Qxe2 Qc8 11. Bh2 Qb7 12. a4 Rc8 13. Qb5 a6 14. Qb3 cxd4 15. exd4 Nc6 16. Nc4 Rcb8 17. Ng5 Nd8 18. Rfe1 h6 19. Nf3 b5 20. axb5 axb5 21. Ne3 Nc6 22. Nd5 Rxa1 23. Rxa1 b4 24. Nxf6+ Bxf6 25. Bf4 bxc3 26. Qxb7 Rxb7 27. bxc3 Kg7 28. Ra6 Nb8 29. Ra8 Nd7 30. Kf1 Nb6 31. Ra2 1/2-1/2

[Event "Irish New Year Events-IM1 2020"]
[Site "Dublin"]
[Date "2020.01.05"]
[Round "6.10"]
[White "Melaugh, Shane"]
[Black "Kanyamarala, Tarun"]
[Result "0-1"]
[ECO "A10"]
[WhiteElo "2207"]
[BlackElo "2320"]
[Annotator "NA"]
[PlyCount "78"]
[EventDate "2020.01.02"]
[EventType "tourn"]
[EventCountry "IRL"]
[SourceTitle "playchess.com"]
[Source "ChessBase"]
[SourceQuality "1"]
[TimeControl "40/5400+30:1800+30"]

1. c4 b6 2. Nc3 Bb7 3. e4 e5 4. Nf3 Nc6 5. d4 exd4 6. Nxd4 Bb4 7. Be3 Bxc3+ 8. bxc3 Nge7 9. Be2 O-O 10. O-O Nxd4 11. Qxd4 Nc6 12. Qd2 Qe7 13. f3 d6 14. Bd4 Na5 15. Rab1 Qe6 16. c5 dxc5 17. Bxc5 bxc5 18. Rb5 Qa6 19. Rxc5 Qb6 20. Qd4 Nc6 21. Qf2 Ba6 22. Bxa6 Qxa6 23. f4 Rfe8 24. e5 Rad8 25. Qf3 Ne7 26. Kh1 Qb6 27. Rc4 Nf5 28. Re4 Qa6 29. Rfe1 Qd3 30. Qg4 g6 31. c4 h5 32. Qe2 Qxe2 33. R4xe2 Rd4 34. g3 Rxc4 35. Rd1 Nd4 36. Rb2 c5 37. Rb7 Rc2 38. Rd3 Rxa2 39. Rc7 Rb8 0-1

[Event "Irish New Year Events-IM1 2020"]
[Site "Dublin"]
[Date "2020.01.05"]
[Round "7.6"]
[White "Kanyamarala, Tarun"]
[Black "Mannion, Stephen R"]
[Result "1-0"]
[ECO "C45"]
[WhiteElo "2320"]
[BlackElo "2283"]
[Annotator "RC"]
[PlyCount "83"]
[EventDate "2020.01.02"]
[EventType "tourn"]
[EventCountry "IRL"]
[SourceTitle "playchess.com"]
[Source "ChessBase"]
[SourceQuality "1"]
[TimeControl "5400+30"]

1. e4 e5 2. Nf3 Nc6 3. d4 exd4 4. Nxd4 Nf6 5. Nxc6 bxc6 6. e5 Qe7 7. Qe2 Nd5 8. h4 a5 9. g3 Ba6 10. c4 Nb6 11. Nd2 d5 12. b3 g6 13. Bg2 Bg7 14. Bb2 O-O 15. O-O Rfe8 16. Rfe1 a4 17. Qe3 Bb7 18. Bd4 Nd7 19. cxd5 cxd5 20. Rac1 c5 21. Bxc5 Qxe5 22. Qxe5 Nxe5 23. Re3 axb3 24. axb3 Rac8 25. b4 Ng4 26. Rxe8+ Rxe8 27. Nb3 Ne5 28. Rd1 Ba8 29. f4 Ng4 30. Bxd5 Bxd5 31. Rxd5 Re1+ 32. Kg2 h5 33. Rd8+ Kh7 34. Nd2 Rd1 35. Kf3 Re1 36. b5 Bc3 37. b6 Bxd2 38. Rxd2 Rb1 39. Rd7 Rb3+ 40. Ke2 Kh6 41. b7 Nf6 42. Rxf7 1-0